 Dungeon Crawl Stone Soup version 0.27-a0-1136-g0b992a5a9d (webtiles) character file.

Game seed: 463654024808122148

814 HoaS the Cruncher (level 7, 0/40 HPs)
             Began as a Gargoyle Gladiator on May 5, 2021.
             Slain by Edmund
             ... wielding a +6 flail of holy wrath
              (14 damage)
             ... on level 5 of the Dungeon.
             The game lasted 00:07:11 (4169 turns).

HoaS the Cruncher (Gargoyle Gladiator)              Turns: 4169, Time: 00:07:11

Health: 0/40       AC: 15    Str: 20    XL:     7   Next: 93%
Magic:  7/7        EV:  8    Int:  8    God:
Gold:   1182       SH:  0    Dex: 11    Spells: 6/6 levels left

rFire    . . .     SeeInvis .   a - +1 quarterstaff
rCold    . . .     Faith    .   (shield currently unavailable)
rNeg     + . .     Spirit   .   f - +0 chain mail
rPois    ∞         Reflect  .   c - +1 helmet
rElec    +         Harm     .   j - +0 cloak
rCorr    .         Rampage  .   (no gloves)
Will     .....                  (no boots)
Stlth    ..........             (no amulet)
HPRegen  0.13/turn              (no ring)
MPRegen  0.10/turn              (no ring)

@: no status effects
A: sickness immunity, AC +4, negative energy resistance 1, electricity
resistance, torment resistance 1, unbreathing 1, petrification resistance
a: no special abilities


You were on level 5 of the Dungeon.
You visited 1 branch of the dungeon, and saw 5 of its levels.

You collected 1182 gold pieces.

Inventory:

Hand Weapons
 a - a +1 quarterstaff (weapon)
Missiles
 g - 17 arrows
 l - a boomerang (quivered)
 n - 6 bolts
Armour
 c - a +1 helmet (worn)
 f - a +0 chain mail (worn)
 j - a +0 cloak (worn)
Jewellery
 q - a ring of wizardry
Wands
 b - a wand of paralysis (10)
Potions
 e - 3 potions of might
 h - 2 potions of curing
 i - a potion of ambrosia {unknown}
 k - a potion of cancellation {unknown}
 m - a potion of resistance {unknown}
 o - a potion of magic {unknown}
 p - a potion of mutation {unknown}


   Skills:
 - Level 2.1 Fighting
 * Level 9.2 Staves
 - Level 1.7 Throwing
 - Level 2.4 Dodging


You had 6 spell levels left.
You didn't know any spells.
Your spell library was empty.

Dungeon Overview and Level Annotations

Branches:
Dungeon (5/15)
 Temple: D:4-7

Altars:
Sif Muna

Annotations:
D:5 Edmund


Innate Abilities, Weirdness & Mutations

You are immune to sickness and miasma.
Your stone body is resilient. (AC +4)
You are immune to poison.
You resist negative energy. (rN+)
You are resistant to electric shocks. (rElec)
You are resistant to unholy torment.
You can survive without breathing.
You are immune to petrification.


Message History

Edmund struggles against the net.
You hit Edmund but do no damage.
Edmund is lightly wounded.
Edmund struggles against the net.
You sock Edmund!
Edmund is moderately wounded.
Edmund struggles against the net.
Your chain mail prevents you from hitting Edmund.
Edmund is moderately wounded.
Edmund struggles against the net.
The net rips apart, and Edmund comes free!
You barely miss Edmund.
Edmund is moderately wounded.
You completely miss Edmund.
Edmund is moderately wounded.
Edmund hits you with a +6 flail of holy wrath!
You thump Edmund!
Edmund is heavily wounded.
Edmund hits you but does no damage.
You closely miss Edmund.
Edmund is heavily wounded.
Edmund barely misses you.
You sock Edmund!
Edmund is severely wounded.
Edmund hits you with a +6 flail of holy wrath.
You barely miss Edmund.
Edmund is severely wounded.
Edmund hits you with a +6 flail of holy wrath.
You hit Edmund but do no damage.
Edmund is severely wounded.
Edmund closely misses you.
Your chain mail prevents you from hitting Edmund.
Edmund is severely wounded.
You thump Edmund!
Edmund is almost dead.
Edmund hits you with a +6 flail of holy wrath!
You hit Edmund.
Edmund is almost dead.
Edmund hits you with a +6 flail of holy wrath!
You die...

###########
###..........
###......####
#..(!.##@# #.#.####@#
#### #.#.# #.. ...
#.#.####### #..
#.#...##### #.#
#.#.#...(.# #.# ####
#.#...###.###.####.##
#..######[#..##
#............
#.........(..#
#####.####.##


You could see Edmund.

Vanquished Creatures
  2 ogres
  A scorpion (D:3)
  A water moccasin zombie (D:5)
  A bullfrog zombie (D:5)
  3 orc priests
  Crazy Yiuf (D:2)
  A hound (D:5)
  2 bullfrog skeletons (D:5)
  3 iguanas
  2 orc wizards (D:3)
  3 gnolls (D:5)
  4 adders
  3 worms
  14 orcs
  9 bats
  5 endoplasms
  A giant cockroach (D:1)
  6 goblins
  6 hobgoblins
  7 jackals (D:1)
  10 kobolds
  5 quokkas
  6 ball pythons
  A frilled lizard (D:3)
  A rat (D:2)
98 creatures vanquished.

Notes
Turn   | Place    | Note
-------+----------+-------------------------------------------
     0 | D:1      | HoaS the Gargoyle Gladiator began the quest for the Orb.
     0 | D:1      | Reached XP level 1. HP: 12/12 MP: 1/1
   124 | D:1      | Reached XP level 2. HP: 8/17 MP: 2/2
   366 | D:1      | Found a faded altar of an unknown god.
   592 | D:1      | Reached skill level 4 in Staves
   609 | D:1      | Reached XP level 3. HP: 16/21 MP: 3/3
  1102 | D:2      | Found a runed translucent door.
  1103 | D:2      | Noticed Crazy Yiuf
  1379 | D:2      | Killed Crazy Yiuf
  1380 | D:2      | Reached skill level 5 in Staves
  1380 | D:2      | Reached XP level 4. HP: 26/26 MP: 4/4
  1665 | D:3      | Identified a scroll of acquirement
  1665 | D:3      | Acquired 928 gold pieces
  1802 | D:3      | Reached XP level 5. HP: 30/30 MP: 5/5
  1836 | D:3      | Reached skill level 6 in Staves
  1984 | D:3      | Reached XP level 6. HP: 34/35 MP: 6/6
  2063 | D:3      | Found a shimmering blue altar of Sif Muna.
  2641 | D:4      | Reached skill level 7 in Staves
  3260 | D:4      | Reached XP level 7. HP: 27/40 MP: 7/7
  3593 | D:5      | Entered Level 5 of the Dungeon
  3613 | D:5      | Reached skill level 8 in Staves
  4022 | D:5      | Reached skill level 9 in Staves
  4153 | D:5      | Noticed Edmund
  4169 | D:5      | Slain by Edmund

Illustrated notes

Levels and vault maps discovered:
D:1:      evilmike_arrival_rings, layout_rooms,
          hellmonk_ecumenical_altar_prayer_group
D:2:      layout_rooms, minmay_misc_feat_diagonals, uniq_crazy_yiuf_cottage
D:3:      layout_loops_ring, led_sif_book
D:4:      layout_cave_pods, serial_bayou, serial_bayou_ford_a,
          serial_bayou_pond_e, serial_bayou_shore_b, serial_bayou_pond_d,
          serial_bayou_pond_d, serial_bayou_pond_c, nrook_campfire
D:5:      layout_loops_ring, kennysheep_little_box, uniq_edmund

Skill      XL: |  1  2  3  4  5  6  7 |
---------------+----------------------+-----
Staves         | 4 5 6 7 9 |  9.2
Fighting       | |  2.1
Throwing       | |  1.7
Dodging        | |  2.4

Action                   |  1- 3 |  4- 6 |  7- 9 || total
-------------------------+-------+-------+-------++-------
Melee: Quarterstaff      |   104 |   130 |   109 ||   343
Throw: Throwing net      |     1 |     2 |     2 ||     5
       Boomerang         |       |    14 |       ||    14
  Use: Scroll            |     2 |     4 |     4 ||    10
 Stab: Held in net/web   |       |     1 |     1 ||     2
Armor: Leather armour    |    55 |       |       ||    55
       Chain mail        |       |   107 |    51 ||   158
Dodge: Dodged            |    75 |    52 |    35 ||   162

Table legend: (Time is in decaauts)
 A = Elapsed time spent in this place.
 B = Non-inter-level travel time spent in this place.
 C = Inter-level travel time spent in this place.
 D = Time resting spent in this place.
 E = Time spent auto-exploring this place.
 F = Levels seen in this place.
 G = Mean time per level.
                   A        B        C        D        E       F      G
               +--------+--------+--------+--------+--------+-----+--------+
         Total |   4184 |   4014 |    170 |    730 |   2599 |   5 |  836.8 |
       Dungeon |   4184 |   4014 |    170 |    730 |   2599 |   5 |  836.8 |
               +--------+--------+--------+--------+--------+-----+--------+

Top non-repeatable levels by time:
     D:3: 1180 daAuts
     D:4: 1107 daAuts
     D:1: 847 daAuts
     D:2: 619 daAuts
     D:5: 430 daAuts
